 Dungeon Crawl Stone Soup version 0.25-a0-35-g747a2b3c0c (webtiles) character file.

Game seed: 11898120799700535166, levelgen mode: deterministic

261 Ablot the Charmwright (level 6, -3/50 HPs)
             Began as a Gnoll Skald on Oct 19, 2019.
             Was an Initiate of Okawaru.
             Slain by Blork the orc
             ... wielding a +0 glaive
              (11 damage)
             ... on level 4 of the Dungeon.
             The game lasted 00:06:02 (3181 turns).

Ablot the Charmwright (Gnoll Skald)                 Turns: 3181, Time: 00:06:03

Health: -3/50      AC:  7    Str: 15    XL:     6   Next: 18%
Magic:  15/22      EV: 14    Int: 15    God:    Okawaru [......]
Gold:   296        SH:  0    Dex: 15    Spells: 4/15 levels left

rFire    . . .     SeeInvis .   a - +0 spear
rCold    . . .     Gourm    .   (no shield)
rNeg     . . .     Faith    .   b - +0 leather armour
rPois    .         Spirit   .   h - +2 helmet
rElec    .         Reflect  .   (no cloak)
rCorr    .         Harm     .   u - +0 pair of gloves
MR       .....                  (no boots)
Stlth    ++........             (no amulet)
HPRegen  0.16/turn              w - ring of magical power
MPRegen  0.18/turn              (no ring)

@: very slightly contaminated
A: distributed training, fangs 1, strong nose
a: Renounce Religion


You were on level 4 of the Dungeon.
You worshipped Okawaru.
Okawaru was noncommittal.
You were not hungry.

You visited 2 branches of the dungeon, and saw 5 of its levels.

You collected 296 gold pieces.

Inventory:

Hand Weapons
 a - a +0 spear (weapon)
 q - a +2 flail of holy wrath
Missiles
 i - 85 sling bullets
 j - 19 arrows
 k - 159 stones (quivered)
 t - 19 poisoned darts
Armour
 b - a +0 leather armour (worn)
 h - a +2 helmet (worn)
 u - a +0 pair of gloves (worn)
Jewellery
 w - a ring of magical power (left hand)
Scrolls
 f - 4 scrolls of remove curse
 g - a scroll of fear
 m - 2 scrolls of teleportation {unknown}
 n - a scroll of enchant armour {unknown}
 o - a scroll of identify
 p - 2 scrolls of enchant weapon {unknown}
Potions
 c - a potion of cancellation {unknown}
 e - 3 potions of berserk rage {unknown}
 l - 2 potions of flight {unknown}
 s - a potion of magic {unknown}
 v - a potion of heal wounds {unknown}
Comestibles
 d - 9 rations
 r - 2 chunks of flesh


   Skills:
 + Level 4.9 Fighting
 + Level 1.8 Short Blades
 + Level 1.8 Long Blades
 + Level 1.8 Axes
 + Level 1.8 Maces & Flails
 + Level 4.9 Polearms
 + Level 1.8 Staves
 + Level 1.8 Slings
 + Level 1.8 Bows
 + Level 1.8 Crossbows
 + Level 1.8 Throwing
 + Level 3.1 Armour
 + Level 4.9 Dodging
 + Level 1.8 Stealth
 + Level 1.8 Shields
 + Level 1.8 Unarmed Combat
 + Level 5.3 Spellcasting
 + Level 1.4 Conjurations
 + Level 1.4 Hexes
 + Level 5.6 Charms
 + Level 1.4 Summonings
 + Level 1.4 Necromancy
 + Level 1.4 Translocations
 + Level 1.4 Transmutations
 + Level 1.4 Fire Magic
 + Level 1.4 Ice Magic
 + Level 1.4 Air Magic
 + Level 1.4 Earth Magic
 + Level 1.4 Poison Magic
 + Level 2.0 Invocations
 + Level 1.8 Evocations


You had 4 spell levels left.
You knew the following spells:

 Your Spells              Type           Power        Failure   Level  Hunger
a - Infusion              Chrm           ###.         1%          1    None
b - Song of Slaying       Chrm           ###.....     3%          2    ##.....
c - Shroud of Golubria    Chrm/Tloc      ##....       7%          2    ##.....
d - Regeneration          Chrm/Necr      ##........   14%         3    ###....
e - Spectral Weapon       Hex/Chrm       ##......     14%         3    ###....

Your spell library contained the following spells:

 Spells                   Type           Power        Failure   Level  Hunger


Dungeon Overview and Level Annotations

Branches:
Dungeon (4/15)             Temple (1/1) D:4

Altars:
Ashenzari
Dithmenos
Elyvilon
Fedhas
Hepliaklqana
Makhleb
Okawaru
Qazlal
Sif Muna
Trog
Uskayaw
Vehumet
Wu Jian
Xom
Yredelemnul
Zin
The Shining One

Annotations:
D:4 Blork the orc


Innate Abilities, Weirdness & Mutations

Your experience applies equally to all skills.
You have very sharp teeth.
Your uncanny sense of smell can sniff out nearby items.


Message History

You hear a splashing noise.
Casting: Shroud of Golubria (safe; 7% risk of failure)
Confirm with . or Enter, or press ? or * to list all spells.
You miscast Regeneration.
You are very lightly contaminated with residual magic.
Pain shoots through your body.
Your shroud bends something's attack away.
Unknown command.
You closely miss something. Something barely misses you.
You hit something. Something hits you.
You miss something. You bite something.
You hear a splashing noise.
You hit something. Something hits you!
* * * LOW HITPOINT WARNING * * *
Your shroud falls apart!
You closely miss something. Something hits you.
* * * LOW HITPOINT WARNING * * *
Unknown command.
You barely miss something. Something hits you!
You die...

.#
#.#.##.......................#
.#
#.#.##....#............####..#
## #.#.##.##...##.#...#.# #..#
....##.####.##.......# #..#
..##.# #.#........# #... ....#
#.#........#### #..#
.o..####.#...........# #..#
##.# #.....###.##.##.# #..#
...##..≈{@.##.##.##.# #..#
#......≈(.##.##.##.# #..#
.###...≈..†.......##.###..#
##..
...........###.#####......#
.... ...#...####
#.).........## .... .....####
############## #### .### #...
#... ####...


You could see a friendly spectral +0 spear.

Vanquished Creatures
  2 hounds (D:4)
  A centaur skeleton (D:4)
  Terence (D:2)
  Natasha (thrice) (D:3)
  An adder (D:3)
  2 worms (D:2)
  A dart slug (D:1)
  A leopard gecko (D:4)
  6 orcs
  2 giant cockroaches
  3 goblins
  7 hobgoblins
  8 jackals
  A quokka (D:3)
  A ball python (D:2)
  6 bats
  A frilled lizard (D:3)
  2 kobolds
  10 rats
59 creatures vanquished.

Notes
Turn   | Place    | Note
-------+----------+-------------------------------------------
     0 | D:1      | Ablot the Gnoll Skald began the quest for the Orb.
     0 | D:1      | Reached XP level 1. HP: 20/20 MP: 6/6
   204 | D:1      | Reached XP level 2. HP: 24/26 MP: 7/7
   208 | D:1      | Learned a level 2 spell: Song of Slaying
   211 | D:1      | Learned a level 2 spell: Shroud of Golubria
   614 | D:2      | Reached XP level 3. HP: 31/31 MP: 0/9
   709 | D:2      | Reached skill level 5 in Spellcasting
   728 | D:2      | Found a radiant altar of Vehumet.
   842 | D:2      | You fall into a shaft and drop 2 floors!
   911 | D:2      | Noticed Terence
   919 | D:2      | Learned a level 3 spell: Regeneration
   923 | D:2      | Learned a level 3 spell: Spectral Weapon
   938 | D:2      | Killed Terence
   938 | D:2      | Reached skill level 1 in Short Blades
   938 | D:2      | Reached skill level 1 in Long Blades
   938 | D:2      | Reached skill level 1 in Axes
   938 | D:2      | Reached skill level 1 in Maces & Flails
   938 | D:2      | Reached skill level 1 in Staves
   938 | D:2      | Reached skill level 1 in Slings
   938 | D:2      | Reached skill level 1 in Bows
   938 | D:2      | Reached skill level 1 in Crossbows
   938 | D:2      | Reached skill level 1 in Throwing
   938 | D:2      | Reached skill level 1 in Stealth
   938 | D:2      | Reached skill level 1 in Shields
   938 | D:2      | Reached skill level 1 in Unarmed Combat
   938 | D:2      | Reached skill level 1 in Invocations
   938 | D:2      | Reached skill level 1 in Evocations
  1006 | D:2      | Reached XP level 4. HP: 34/38 MP: 7/11
  1087 | D:2      | Found a blossoming altar of Fedhas.
  1563 | D:3      | Noticed Natasha
  1580 | D:3      | Killed Natasha
  1580 | D:3      | Reached skill level 1 in Conjurations
  1580 | D:3      | Reached skill level 1 in Hexes
  1580 | D:3      | Reached skill level 1 in Summonings
  1580 | D:3      | Reached skill level 1 in Necromancy
  1580 | D:3      | Reached skill level 1 in Translocations
  1580 | D:3      | Reached skill level 1 in Transmutations
  1580 | D:3      | Reached skill level 1 in Fire Magic
  1580 | D:3      | Reached skill level 1 in Ice Magic
  1580 | D:3      | Reached skill level 1 in Air Magic
  1580 | D:3      | Reached skill level 1 in Earth Magic
  1580 | D:3      | Reached skill level 1 in Poison Magic
  1581 | D:3      | Found a burning altar of Makhleb.
  1597 | D:3      | Reached XP level 5. HP: 43/43 MP: 1/12
  2333 | D:3      | Noticed Natasha
  2344 | D:3      | Killed Natasha
  2637 | D:3      | Noticed Natasha
  2648 | D:3      | Killed Natasha
  2936 | D:4      | Found a staircase to the Ecumenical Temple.
  2948 | Temple   | Entered the Ecumenical Temple
  3044 | Temple   | Became a worshipper of Warmaster Okawaru
  3069 | D:4      | Reached XP level 6. HP: 47/50 MP: 13/13
  3154 | D:4      | Noticed Blork the orc
  3181 | D:4      | Slain by Blork the orc

Levels and vault maps discovered:
D:1:      saegor_arrival_simple_d, layout_loops_ring,
          minmay_misc_feat_nine_boxes
D:2:      layout_rooms, vehumet_crystals, fedhas_altar_fruit_tree, uniq_terence
D:3:      layout_loops_corners, old_standard_altar, uniq_natasha
D:4:      layout_loops_ring, minmay_temple_entry_glass, first_ration,
          chequers_serial_rivers_micro_c, roderic_serpentine_path,
          uniq_blork_the_orc
Temple:   nicolae_temple_great_sept

Skill      XL: |  1  2  3  4  5  6 |
---------------+-------------------+-----
Spellcasting   | 5 |  5.3
Short Blades   | 1 |  1.8
Long Blades    | 1 |  1.8
Axes           | 1 |  1.8
Maces & Flails | 1 |  1.8
Staves         | 1 |  1.8
Slings         | 1 |  1.8
Bows           | 1 |  1.8
Crossbows      | 1 |  1.8
Throwing       | 1 |  1.8
Stealth        | 1 |  1.8
Shields        | 1 |  1.8
Unarmed Combat | 1 |  1.8
Invocations    | 1 2 |  2.0
Evocations     | 1 |  1.8
Conjurations   | 1 |  1.4
Hexes          | 1 |  1.4
Summonings     | 1 |  1.4
Necromancy     | 1 |  1.4
Translocations | 1 |  1.4
Transmutations | 1 |  1.4
Fire Magic     | 1 |  1.4
Ice Magic      | 1 |  1.4
Air Magic      | 1 |  1.4
Earth Magic    | 1 |  1.4
Poison Magic   | 1 |  1.4
Armour         | 3 |  3.1
Fighting       | |  4.9
Polearms       | |  4.9
Dodging        | |  4.9
Charms         | |  5.6

Action                   |  1- 3 |  4- 6 || total
-------------------------+-------+-------++-------
Melee: Spear             |   133 |   106 ||   239
       Bite              |     8 |     9 ||    17
       Punch             |       |     1 ||     1
 Cast: Shroud of Golubri |     4 |    10 ||    14
       Infusion          |     2 |     2 ||     4
       Spectral Weapon   |     1 |     5 ||     6
       Regeneration      |     1 |     1 ||     2
       Song of Slaying   |       |    12 ||    12
  Use: Scroll            |       |     3 ||     3
 Stab: Sleeping          |       |     4 ||     4
  Eat: Chunk             |     1 |     4 ||     5
       Ration            |       |     1 ||     1
Armor: Leather armour    |    19 |    11 ||    30
Dodge: Dodged            |    67 |    39 ||   106

Table legend:
 A = Non-vault XP
 B = Vault XP
 C = Vault XP percentage of total XP
 D = Non-vault monster count
 E = Vault monster count
 F = Vault count percentage of total count
                 A         B        C        D         E       F
            +---------+---------+-------+---------+---------+-------
      Total |     305 |      69 |  18.4 |      57 |       2 |   3.4
            +---------+---------+-------+---------+---------+-------
        D:1 |      27 |       0 |   0.0 |      16 |       0 |   0.0
        D:2 |      23 |      36 |  61.0 |      11 |       1 |   8.3
        D:3 |     124 |      33 |  21.0 |      24 |       1 |   4.0
        D:4 |     131 |       0 |   0.0 |       6 |       0 |   0.0
            +---------+---------+-------+---------+---------+-------
